 Dungeon Crawl Stone Soup version 0.31-a0-1447-g87ca8d402b (webtiles) character file.

Game seed: 10330863672881601363

314 RedTroll the Ruffian (level 6, -4/53 HPs)
             Began as a Troll Fighter on Dec 27, 2023.
             Killed by divine providence
             ... invoked by an orc priest
              (15 damage)
             ... on level 3 of the Dungeon.
             The game lasted 00:03:21 (2311 turns).

RedTroll the Ruffian (Troll Fighter)                Turns: 2311, Time: 00:03:23

Health: -4/53      AC:  4    Str: 26 (27) XL:     6   Next: 19%
Magic:  5/5        EV:  8    Int:  2 (4)  God:
Gold:   154        SH:  7    Dex:  7 (9)  Spells: 5/5 levels left

rFire   . .          .
                       - Unarmed
rCold   . . .        b - +0 kite shield
rNeg    . . .        a - +0 robe
rPois   .            (helmet restricted)
rElec   .            (no cloak)
rCorr   .            (gloves unavailable)
SInv    .            (boots unavailable)
Will    .....        (no amulet)
Stlth   +            (no ring)
HPRegen 1.08/turn    (no ring)
MPRegen 0.09/turn

%: no passive effects
@: no status effects
A: large, unfitting armour, claws 3, regeneration 1, shaggy fur 1, tough skin 1,
frail 1
a: no special abilities


You were on level 3 of the Dungeon.
You visited 1 branch of the dungeon, and saw 3 of its levels.

You collected 154 gold pieces.

Inventory:

Missiles
 h - 3 stones
 j - 5 large rocks (quivered)
Armour
 a - a +0 robe (worn)
 b - a +0 kite shield (worn)
Jewellery
 g - a +6 ring of intelligence
 r - a +6 ring of dexterity
Scrolls
 d - a scroll of enchant weapon
 e - 3 scrolls of identify
 f - a scroll of fear {unknown}
 i - a scroll of summoning {unknown}
 k - a scroll of torment {unknown}
 m - a scroll of poison {unknown}
 n - a scroll of amnesia {unknown}
 p - a scroll of teleportation {unknown}
Potions
 c - 2 potions of might
 o - a potion of degeneration
 q - a potion of brilliance {unknown}


   Skills:
 - Level 2.4 Fighting
 + Level 3.1 Throwing
 - Level 2.4 Dodging
 - Level 3.5 Shields
 + Level 4.8 Unarmed Combat


You had 5 spell levels left.
You didn't know any spells.
Your spell library contained the following spells:

 Spells                   Type           Power      Damage    Failure   Level
 Ensorcelled Hibernation  Hex/Ice        0%         N/A       90%         2
 Passwall                 Erth           0%         N/A       99%         3
 Swiftness                Air            0%         N/A       99%         3


Dungeon Overview and Level Annotations

Branches:
Dungeon (3/15)

Altars:

Annotations:
D:3 2 transporters


Innate Abilities, Weirdness & Mutations

You are too large for most types of armour.
You have claws for hands.
Your natural rate of healing is unusually fast.
You are covered in fur. (AC +1)
You have tough skin. (AC +1)
You are frail. (-10% HP)


Message History

The orc throws a boomerang.
The boomerang closely misses you.
You miss something.
You hear some strange, mumbled words.
A puff of flame appears from out of thin air!
The puff of flame hits you!
The orc priest invokes the aid of Beogh against you.
Beogh smites you!
You claw something! Something hits you.
You're too confused to move!
Unknown command.
Unknown command.
You barely miss the orc.
You feel less confused.
A giant cockroach comes into view.
The orc priest invokes the aid of Beogh against you.
Beogh smites you!
You barely miss the orc. You block the orc's attack.
You barely miss the orc. You block the orc's attack.
You closely miss the orc. The orc hits you with a +0 club.
You closely miss the orc. The orc hits you but does no damage.
The orc priest calls down the wrath of Beogh upon you.
Beogh smites you!
* * * LOW HITPOINT WARNING * * *
Unknown command.
You barely miss the orc. The orc hits you with a +0 club.
* * * LOW HITPOINT WARNING * * *
You closely miss the orc. The orc hits you with a +0 club.
* * * LOW HITPOINT WARNING * * *
Unknown command.
It was a potion of mutation.
You feel extremely strange.
You feel frail. The orc hits you with a +0 club.
* * * LOW HITPOINT WARNING * * *
It was a potion of degeneration.
There was something very wrong with that liquid.
You feel weakened.
You feel dopey.
You feel clumsy. The orc barely misses you.
The orc priest mumbles some strange prayers to Beogh against you.
Beogh smites you!
You die...

###
#.#############
#.............#
#.###########.#
#.# #.# #.# #.#
####.#######
#@#
.....>......
#o#
####.######.
#{# #.# #o# #.#
#o# #.#


Bo# #.# #.# #.# #.# #.. #.# You could see an orc priest, 3 orcs and a giant
cockroach.

Vanquished Creatures
  Sigmund (D:3)
  A sleepcap (D:3)
  Terence (D:3)
  3 adders (D:2)
  2 worms (D:2)
  A dart slug (D:1)
  An orc (D:3)
  4 ball pythons
  2 endoplasms
  A giant cockroach (D:2)
  6 goblins
  4 hobgoblins
  8 jackals
  8 kobolds
  6 quokkas
  2 bats
  5 frilled lizards
  11 rats
67 creatures vanquished.

Notes
Turn   | Place    | Note
-------+----------+-------------------------------------------
     0 | D:1      | RedTroll the Troll Fighter began the quest for the Orb.
     0 | D:1      | Reached XP level 1. HP: 22/22 MP: 0/0
    79 | D:1      | Reached XP level 2. HP: 24/29 MP: 1/1
   476 | D:1      | Found a faded altar of an unknown god.
   492 | D:1      | Found a faded altar of an unknown god.
   739 | D:2      | Reached XP level 3. HP: 36/36 MP: 2/2
   935 | D:2      | Reached skill level 3 in Unarmed Combat
  1370 | D:2      | Reached XP level 4. HP: 43/44 MP: 3/3
  1433 | D:2      | Reached skill level 1 in Throwing
  1883 | D:3      | Noticed Terence
  1890 | D:3      | Killed Terence
  1901 | D:3      | Reached XP level 5. HP: 45/50 MP: 4/4
  1923 | D:3      | Reached skill level 4 in Unarmed Combat
  2040 | D:3      | Noticed Sigmund
  2047 | D:3      | Killed Sigmund
  2048 | D:3      | Reached XP level 6. HP: 47/59 MP: 5/5
  2123 | D:3      | Found a transporter.
  2140 | D:3      | Found a transporter.
  2310 | D:3      | Gained mutation: You are frail. (-10% HP) [potion of
                  | mutation]
  2311 | D:3      | Killed from afar by an orc priest

Illustrated notes

Levels and vault maps discovered:
D:1:      scummos_arrival_simple_crosswalls, layout_basic,
          hellmonk_ecumenical_altar_the_god_not_taken
D:2:      layout_basic
D:3:      gammafunk_steamed_eel, layout_basic, minmay_misc_feat_pillars,
          hex_large, minmay_misc_feat_nine_boxes, minmay_misc_feat_plants,
          corexii_shack, uniq_terence, uniq_sigmund

Skill      XL: |  1  2  3  4  5 |
---------------+----------------+-----
Shields        | 3 |  3.5
Unarmed Combat | 3 4 |  4.8
Throwing       | 1 3 |  3.1
Fighting       | |  2.4
Dodging        | |  2.4

Action                     |  1- 3 |  4- 6 || total
---------------------------+-------+-------++-------
  Melee: Unarmed           |   108 |    63 ||   171
  Throw: Large rock        |       |     5 ||     5
    Use: Scroll            |     1 |       ||     1
         Potion            |       |     2 ||     2
   Stab: Sleeping          |       |     1 ||     1
 Armour: Robe              |    71 |    40 ||   111
  Dodge: Dodged            |    30 |    22 ||    52
  Block: Kite shield       |    33 |    29 ||    62

Table legend: (Time is in decaauts)
 A = Elapsed time spent in this place.
 B = Non-inter-level travel time spent in this place.
 C = Inter-level travel time spent in this place.
 D = Time resting spent in this place.
 E = Time spent auto-exploring this place.
 F = Levels seen in this place.
 G = Mean time per level.
                   A        B        C        D        E       F      G
               +--------+--------+--------+--------+--------+-----+--------+
         Total |   2325 |   2267 |     58 |    447 |   1400 |   3 |  775.0 |
       Dungeon |   2325 |   2267 |     58 |    447 |   1400 |   3 |  775.0 |
               +--------+--------+--------+--------+--------+-----+--------+

Top non-repeatable levels by time:
     D:2: 1134 daAuts
     D:1: 735 daAuts
     D:3: 456 daAuts
